 Dungeon Crawl Stone Soup version 0.27-a0-1296-g8ece459b43 (console) character file.

Game seed: 10188637576811783412

15 Hector the Ducker (level 2, -2/16 HPs)
             Began as a Spriggan Abyssal Knight on June 16, 2021.
             Was a Follower of Lugonu.
             Slain by a quokka (5 damage)
             ... on level 1 of the Dungeon.
             The game lasted 00:02:14 (730 turns).

Hector the Ducker (Spriggan Abyssal Knight)          Turns: 730, Time: 00:02:14

Health: -2/16      AC:  2    Str:  8    XL:     2   Next: 34%
Magic:  5/5        EV: 17    Int: 13    God:    Lugonu [*.....]
Gold:   21         SH:  0    Dex: 14    Spells: 4/4 levels left

rFire    . . .     SeeInvis +   a - +1 short sword
rCold    . . .     Faith    .   (shield restricted)
rNeg     . . .     Spirit   .   b - +0 robe
rPois    .         Reflect  .   (helmet restricted)
rElec    .         Harm     .   (no cloak)
rCorr    .         Rampage  .   (gloves unavailable)
Will     .....                  (boots unavailable)
Stlth    +.........             (no amulet)
HPRegen  0.05/turn              (no ring)
MPRegen  0.09/turn              (no ring)

@: very quick
A: very small, no large weapons, unfitting armour, see invisible, speed 3
a: Renounce Religion, Depart the Abyss


You were on level 1 of the Dungeon.
You worshipped Lugonu.
Lugonu was aware of your devotion.
You visited 1 branch of the dungeon, and saw 1 of its levels.
You visited the Abyss 1 time.

You collected 21 gold pieces.

Inventory:

Hand Weapons
 a - a +1 short sword (weapon)
Missiles
 c - 19 sling bullets
Armour
 b - a +0 robe (worn)


   Skills:
 - Level 2.4 Fighting
 * Level 2.9 Short Blades
 - Level 3.2 Dodging
 * Level 1.5 Spellcasting
 - Level 1.7 Invocations


You had 4 spell levels left.
You didn't know any spells.
Your spell library was empty.

Dungeon Overview and Level Annotations

Branches:
Dungeon (1/15)

Altars:


Innate Abilities, Weirdness & Mutations

You are very small and have problems with some larger weapons.
You are too small for most types of armour.
You have supernaturally acute eyesight. (SInv)
You cover ground extremely quickly. (Speed+++)


Message History

Things that are here:
a +0 dagger; a goblin corpse The hobgoblin barely misses you.
You hit the hobgoblin.
The hobgoblin is severely wounded.
The hobgoblin barely misses you.
You barely miss the hobgoblin.
The hobgoblin is severely wounded.
The hobgoblin hits you.
* * * LOW HITPOINT WARNING * * *
You barely miss the hobgoblin.
The hobgoblin is severely wounded.
The hobgoblin hits you.
* * * LOW HITPOINT WARNING * * *
You hit the hobgoblin.
You kill the hobgoblin!
Lugonu accepts your kill.
You can now depart the Abyss.
You aren't carrying any potions.
Unknown command.
You start resting.
A quokka is nearby!
You start resting.
A quokka is nearby!
As you open the door, it creaks loudly!
You hear an angry hiss.
As you close the door, it creaks loudly!
You miss the quokka. The quokka misses you.
You closely miss the quokka. The quokka barely misses you.
You hit the quokka but do no damage. The quokka barely misses you.
You hit the quokka but do no damage. The quokka misses you. x2
You closely miss the quokka. The quokka closely misses you.
You miss the quokka. The quokka barely misses you.
You hit the quokka but do no damage. The quokka misses you.
You miss the quokka. The quokka bites you.
You barely miss the quokka. The quokka misses you.
You completely miss the quokka. The quokka misses you. The quokka bites you.
* * * LOW HITPOINT WARNING * * *
You hit the quokka.
The quokka is almost dead.
The quokka bites you.
You die...

#..........#..##..#...#
#.........#...##...#..#
#.......S#..........#.#
#......'.....!####.##.#
#............## #.##.#
#######......# #.##.#
#......# #.##.#
#.##+### #.##.#
#.##@#######r##.#
#.##.r.......#..#
#.############.## #)#
#..# #.# ##.## #.# #..#
#.# #.## #.# #.# #.#
#.#


You could see a quokka.

Vanquished Creatures
  An endoplasm (D:1)
  2 giant cockroaches (D:1)
  A goblin (D:1)
  2 hobgoblins (D:1)
  4 jackals (D:1)
  A kobold (D:1)
11 creatures vanquished.

Notes
Turn   | Place    | Note
-------+----------+-------------------------------------------
     0 | Abyss:1  | Hector the Spriggan Abyssal Knight began the quest for the
                  | Orb.
     0 | Abyss:1  | Reached XP level 1. HP: 11/11 MP: 3/3
    53 | Abyss:1  | Noticed a wretched star
    72 | D:1      | Escaped the Abyss
    72 | D:1      | Noticed a centaur
    79 | D:1      | Noticed a vampire
    81 | D:1      | Noticed a gargoyle
    83 | D:1      | Noticed a minotaur
    87 | D:1      | Noticed a dwarf
    87 | D:1      | Noticed a minotaur skeleton
    89 | D:1      | Noticed a felid
   467 | D:1      | Reached skill level 1 in Spellcasting
   469 | D:1      | Reached XP level 2. HP: 7/16 MP: 4/4
   568 | D:1      | Reached * piety under Lugonu
   730 | D:1      | Slain by a quokka

Illustrated notes

Levels and vault maps discovered:
D:1:      shiori_arrival_whats_in_store_for_you, layout_basic,
          hellmonk_ecumenical_altar_run_dry, minivault_26,
          grunt_decor_mini_mirrors

Skill      XL: |  1 |
---------------+----+-----
Spellcasting   | 1 |  1.5
Fighting       | |  2.4
Short Blades   | |  2.9
Dodging        | |  3.2
Invocations    | |  1.7

Action                   || total
-------------------------++-------
Melee: Short sword       ||    56
Invok: Depart the Abyss  ||     1
  Use: Scroll            ||     1
Armor: Robe              ||     5
Dodge: Dodged            ||    44

Table legend: (Time is in decaauts)
 A = Elapsed time spent in this place.
 B = Non-inter-level travel time spent in this place.
 C = Inter-level travel time spent in this place.
 D = Time resting spent in this place.
 E = Time spent auto-exploring this place.
 F = Levels seen in this place.
 G = Mean time per level.
                   A        B        C        D        E       F      G
               +--------+--------+--------+--------+--------+-----+--------+
         Total |    600 |    600 |      0 |    279 |    142 |   2 |  300.0 |
       Dungeon |    556 |    556 |      0 |    279 |    110 |   1 |  556.0 |
         Abyss |     43 |     43 |      0 |      0 |     31 |   1 |   43.0 |
               +--------+--------+--------+--------+--------+-----+--------+

Top non-repeatable levels by time:
     D:1: 556 daAuts
 Abyss:1: 43 daAuts
